AoeStats
← no one

Arabia

507313062Analyzed
1v1 RM · 15d ago on Sep 17, 2026· 42m 25s· 2 players
Game mode
Random Map
Map size
Tiny (2 player)
Population
200
Speed
Normal
Resources
Standard
Victory
Conquest
Starting age
Dark Age
Ending age
Imperial Age
RankedLock teamsTeams togetherTeam positionsShared explorationLock speedFull tech treeHidden civsTurbo modeCheats
Victory
Defeat
🇸🇪 Celts · Sweden
1734
+13
🇦🇷 Gurjaras · Argentina
1665
-13
no one
6:09 Loom
8:59 Feudal Age
10:29 Double-Bit Axe
10:50 Horse Collar
17:40 Fletching
20:12 Castle Age
19:00 Scale Barding Armor
19:00 Gold Mining
19:19 Fletching
21:31 Bow Saw
22:14 Bloodlines
25:00 Chain Barding Armor
28:33 Town Watch
29:30 Wheelbarrow
29:59 Bodkin Arrow
39:19 Imperial Age
38:05 Scale Mail Armor
40:15 Chain Mail Armor
42:21 Plate Mail Armor
Joaacim
6:45 Loom
9:10 Feudal Age
9:17 Man-at-Arms
11:45 Double-Bit Axe
16:30 Wheelbarrow
20:24 Castle Age
18:31 Fletching
18:55 Horse Collar
19:07 Gold Mining
20:23 Padded Archer Armor
20:40 Crossbowman
21:16 Bodkin Arrow
24:14 Pikeman
25:19 Scale Mail Armor
30:41 Chain Mail Armor
30:37 Forging
35:52 Bow Saw
36:19 Hand Cart
36:29 Heavy Plow
41:26 Imperial Age
40:42 Iron Casting
41:21 Town Watch
41:06 Long Swordsman
41:32 Gambesons
41:35 Heavy Scorpion
Connection lost

Rejoining the realm…

Still unreachable

The connection could not be restored.

Session expired

The server has moved on; the page needs a fresh start.